 Dungeon Crawl Stone Soup version 0.29-a0-200-gc7997b95f3 (webtiles) character file.

Game seed: 9343081689456674653

35 GabrielManson the Insei (level 3, 23/23 HPs)
             Began as an Octopode Transmuter on Oct 19, 2021.
             Quit the game on level 1 of the Dungeon on Feb 23, 2022.
             The game lasted 00:09:28 (1414 turns).

GabrielManson the Insei (Octopode Transmuter)       Turns: 1414, Time: 00:09:28

Health: 23/23      AC:  1    Str:  9    XL:     3   Next: 35%
Magic:  6/6        EV: 13    Int: 15    God:
Gold:   49         SH:  0    Dex: 13    Spells: 5/6 levels left

rFire   . . .      SeeInvis .     - Unarmed
rCold   . . .      Faith    .   (no shield)
rNeg    . . .      Spirit   .   (helmet restricted)
rPois   .          Reflect  .   (no amulet)
rElec   .          Harm     .   b - ring of willpower
rCorr   .          Rampage  .   (no ring)
Will    +....                   (no ring)
Stlth   +++.......              (no ring)
HPRegen 0.07/turn               (no ring)
MPRegen 0.10/turn               (no ring)
                                (no ring)
                                (no ring)

@: no status effects
A: almost no armour, amphibious, 8 rings, camouflage 1, gelatinous body 1,
(nimble swimmer 1), tentacles
a: no special abilities


You were on level 1 of the Dungeon.
You visited 1 branch of the dungeon, and saw 2 of its levels.

You collected 49 gold pieces.

Inventory:

Jewellery
 b - a ring of willpower (left tentacle)
Scrolls
 a - a scroll of holy word {unknown}
Potions
 c - a potion of lignification {unknown}
 d - 2 potions of heal wounds {unknown}


   Skills:
 + Level 1.0 Fighting
 + Level 2.4 Dodging
 + Level 1.0 Stealth
 + Level 3.8 Unarmed Combat
 + Level 2.0 Spellcasting
 + Level 2.0 Transmutations


You had 5 spell levels left.
You knew the following spells:

 Your Spells              Type           Power      Damage    Failure   Level
a - Beastly Appendage     Tmut           14%        N/A       10%         1

Your spell library contained the following spells:

 Spells                   Type           Power      Damage    Failure   Level
 Wereblood                Tmut           7%         N/A       14%         2
 Spider Form              Tmut/Pois      4%         N/A       41%         3
 Ice Form                 Ice/Tmut       4%         N/A       82%         4


Dungeon Overview and Level Annotations

Branches:
Dungeon (2/15)

Altars:

Shops:
D:1 =


Innate Abilities, Weirdness & Mutations

You cannot wear most types of armour.
You are amphibious.
You can wear up to eight rings at the same time.
Your skin changes colour to match your surroundings (Stealth+).
Your rubbery body absorbs attacks. (AC +1, EV +1)
((You are camouflaged when in or above water. (Stealth+)))
You have tentacles for arms and can constrict up to eight enemies at once.


Message History

The helpless ball python fails to defend itself.
You tentacle-slap the ball python.
You kill the ball python!
d - a viscous green potion
Found a viscous green potion.
You now have 34 gold pieces (gained 9).
You now have 49 gold pieces (gained 15).
d - 2 viscous green potions (gained 1) Done exploring.
Done exploring.
Done exploring.
Done exploring.
Done exploring.
Done exploring.
You can't go down here!
Unknown command.
You can't go down here!
Welcome back, GabrielManson the Octopode Transmuter.
Press ? for a list of commands and other information.
Saving game... please wait.
Welcome back, GabrielManson the Octopode Transmuter.
Press ? for a list of commands and other information.
You start waiting.
Done waiting.
Unknown command.
Unknown command.
Number of times to repeat, then command key: You must enter the number of times for the command to repeat.
You see here a +0 flail.
There is an open door here.
There is an entrance to Haipich's Jewellery Shoppe here.
Unknown command.
Save game and exit?
Welcome back, GabrielManson the Octopode Transmuter.
Press ? for a list of commands and other information.
Unknown command.
You are a level 3 Octopode Transmuter.
You are 35% of the way to level 4.
Play time: 00:09:15 (1414 turns).
Zot will find you in 10591 turns if you stay in this branch and explore no new floors.
Are you sure you want to abandon this character and quit the game? (Confirm with "yes".)

###### ######.)...........
#....###...##.####..#.#...
#....#..............#.#.##
#....#.#...##.#####.#.#.##
##....#.#............#.#.##
#.......#....#.#######.#.##
####.....###....#.#######.#.##
#...............#.............
#.##.####....@...>.###########
#.##...........#####.........#
#.######.###...##.............
#.######.###.#.'......⌠...⌠...
#.#........#.###...⌠.........⌠
#.#....).....##.........≈.....
#..........####...⌠...........
###.........#.#<.....≈.....≈..
#.........#.#...⌠...........


There were no monsters in sight!

Vanquished Creatures
  A dart slug (D:1)
  3 ball pythons (D:1)
  2 endoplasms (D:1)
  2 giant cockroaches (D:1)
  5 goblins (D:1)
  A hobgoblin (D:1)
  4 jackals
  2 kobolds (D:1)
  A quokka (D:1)
  4 bats (D:1)
  A rat (D:1)
26 creatures vanquished.

Notes
Turn   | Place    | Note
-------+----------+-------------------------------------------
     0 | D:1      | GabrielManson the Octopode Transmuter began the quest for
                  | the Orb.
     0 | D:1      | Reached XP level 1. HP: 13/13 MP: 3/3
     7 | D:1      | Found Haipich's Jewellery Shoppe.
   296 | D:1      | Reached XP level 2. HP: 18/18 MP: 5/5
   756 | D:1      | Reached XP level 3. HP: 14/23 MP: 6/6
   773 | D:1      | Reached skill level 1 in Stealth
  1414 | D:1      | Upgraded the game from 0.28-a0-684-g30a9fa1a03 to
                  | 0.29-a0-200-gc7997b95f3
  1414 | D:1      | Quit the game

Illustrated notes

Levels and vault maps discovered:
D:1:      dpeg_arrival_stone_temple_mockup, layout_basic, serial_shops, shop
D:2:      layout_loops_corners, shapermc_ecumenical_altar_mp_highgroup,
          uniq_natasha, uniq_crazy_yiuf_cottage, uniq_sigmund

Skill      XL: |  1  2  3 |
---------------+----------+-----
Stealth        | 1 |  1.0
Fighting       | |  1.0
Dodging        | |  2.4
Unarmed Combat | |  3.8
Spellcasting   | |  2.0
Transmutations | |  2.0

Action                   || total
-------------------------++-------
Melee: Unarmed           ||    57
       Constrict         ||    12
       Tentacles         ||     7
       Punch             ||     4
 Cast: Beastly Appendage ||     1
  Use: Scroll            ||     1
 Stab: Sleeping          ||     4
Armor: Skin              ||     3
Dodge: Dodged            ||    37

Table legend: (Time is in decaauts)
 A = Elapsed time spent in this place.
 B = Non-inter-level travel time spent in this place.
 C = Inter-level travel time spent in this place.
 D = Time resting spent in this place.
 E = Time spent auto-exploring this place.
 F = Levels seen in this place.
 G = Mean time per level.
                   A        B        C        D        E       F      G
               +--------+--------+--------+--------+--------+-----+--------+
         Total |   1408 |   1406 |      2 |    360 |    753 |   2 |  704.0 |
       Dungeon |   1408 |   1406 |      2 |    360 |    753 |   2 |  704.0 |
               +--------+--------+--------+--------+--------+-----+--------+

Top non-repeatable levels by time:
     D:1: 1159 daAuts
     D:2: 249 daAuts
